Workbook

Sheet Спецификация
B2: Оборудование | C2: Ед. изм. | D2: Количество
B3: Пусковой комплект микроорошения XCZ-100-PRF, 1" | C3: шт | D3: 16
B4: Капельный шланг без капельниц 16 мм, бухта 100 м, коричневый | C4: шт | D4: 5
B5: Шланг капельного полива компенсированный PC 16мм, шаг капельниц 33 см, расход 2,2 л/ч (бухта 100 м) коричневый | C5: шт | D5: 84
B6: Штуцер XFF соединительный 17 мм-17мм | C6: шт | D6: 250
B7: Штуцер XFF угловой 17 мм- 17 мм | C7: шт | D7: 150
B8: Штуцер XFF тройник 17 мм- 17 мм- 17 мм | C8: шт | D8: 750
B9: Переходник XFF прямой 1/2" НР - 17 мм | C9: шт | D9: 50
B10: Тройник XFF переходной 17 мм-1/2" НР- 17 мм | C10: шт | D10: 60
B11: Стойка держатель для шланга 12-16 мм | C11: шт | D11: 7800
B12: Концевая заглушка 700-CF-22 | C12: шт | D12: 55
B13: Дождеватель 1804 | C13: шт | D13: 270
B14: Форсунка 15LCS (Левый угол) (1.2мx4.6 м) | C14: шт | D14: 1
... B65: ФумЛента | C65: шт | D65: 75
A66: Обвязка в подвальном помещении и врезка в магистральный трубопровод
B67: Фитинги для обвязки в подвале и врезки в магистральный трубопровод | C67: шт | D67: комплект (2)
B68: Кран шаровый со сгоном 1 1/4" | C68: шт | D68: 8
B69: Муфта ПП 50*1 1/4" ВР с американкой | C69: шт | D69: 4
B70: Регулятор давления 1 1/4" с манометром | C70: шт | D70: 2
B71: Фильтр сетчатый 1 1/4" | C71: шт | D71: 2
B72: Счетчик воды универсальный многоструйный "Пульсар" Ду-32 | C72: шт | D72: 2
B73: Радиомодем импульсный ВТ-100 | C73: шт | D73: 2
B74: Установочный присоединительный комплект | C74: шт | D74: 2
B75: Обратный клапан 1 1/4" | C75: шт | D75: 2
B76: Продувочный узел | C76: шт | D76: 2
B77: Хомут трубный 1 1/2" с резинкой, дюбелем | C77: шт | D77: 45
B78: Хомут трубный 1" с резинкой, дюбелем | C78: шт | D78: 45
B79: Трубная изоляция Энергофлекс 54*13 мм | C79: м.п. | D79: 40
... B86: Транспортные расходы | C86: шт | D86: 1
A87: Трубы ПНД и электрокабель
B88: Электрокабель ВВГ/ПВС 2х1 (1m) ГОСТ | C88: м.п. | D88: 300
B89: Электрокабель ВВГ/ПВС 5х1 (1m) ГОСТ | C89: м.п. | D89: 1500
B90: Труба 40 (1m) SDR 13,6 | C90: м.п. | D90: 900
B91: Труба 32 (1m) SDR 13,6 | C91: м.п. | D91: 2700
B92: Труба 25 (1m) SDR 13,6 | C92: м.п. | D92: 3200
B93: Труба 50 ПП | C93: м.п. | D93: 40
B94: Труба 32 ПП | C94: м.п. | D94: 40
A95: Работы
A96: 100 | B96: Монтаж системы автоматического полива | C96: компл. | D96: 1
A97: 101 | B97: Пусконаладочные системы автоматического полива | C97: компл. | D97: 1
A98: 102 | B98: Земляные работы | C98: компл. | D98: 1
A99: 103 | B99: Вывоз мусора | C99: компл. | D99: 1

Sheet Объемы от Васильева
K1: Приложение №
K2: к Договору подряда №
B4: СОГЛАСОВАНО: | E4: УТВЕРЖДЕНО: | H4: СОГЛАСОВАНО:
E6: Генеральный директор | H6: Генеральный директор
B7: ______________/ | E7: _________________/Е.В.Низамова | H7: _________________/Е.В. Низамова
A10: Локальный сметный расчет №1
A12: № | B12: Наименование | C12: Марка/ Завод изготовитель | D12: Характеристика | E12: Ед. изм. | F12: Толщина слоя, м/ Площадь, м2 | G12: Норма расхода | H12: Кол. | I12: Цена за ед. | J12: Сумма | K12: Примечание | L12: Форма закупа материала
A13: 12. | B13: Благоустройство
A14: 12.07. | B14: Монтаж автоматического полива
A15: 12.07.01 | B15: Прокладка кабеля, трубы
A16: 12.07.01.00 | B16: Прокладка кабеля, трубы | J16: =J17+J26 -> 0
B17: Работа: | J17: =SUM(J18:J23) -> 0
B18: Прокладка кабеля тип 1 | E18: м | H18: =H27 -> 300 | J18: =I18*H18 -> 0
B19: Прокладка кабеля тип 2 | E19: м | H19: =H28 -> 1500 | J19: =I19*H19 -> 0
B20: Прокладка трубы тип 1 | E20: м | H20: =H29 -> 400 | J20: =I20*H20 -> 0
B21: Прокладка трубы тип 2 | E21: м | H21: =H30 -> 40 | J21: =I21*H21 -> 0
B22: Прокладка трубы тип 3 | E22: м | H22: =H31 -> 900 | J22: =I22*H22 -> 0
B23: Прокладка трубы тип 4 | E23: м | H23: =H32 -> 2700 | J23: =I23*H23 -> 0
B24: Прокладка трубы тип 5 | E24: м | H24: =H33 -> 3200
B25: Алмазное бурение | D25: отверстий диам. до 110 мм | E25: шт | H25: 8
B26: Материалы: | J26: =SUM(J27:J33) -> 0
B27: Электрокабель тип 1 | D27: ВВГ/ПВС 2х1 (1m) ГОСТ | E27: м | H27: 300 | J27: =I27*H27 -> 0
B28: Электрокабель тип 2 | D28: ВВГ/ПВС 5х1 (1m) ГОСТ | E28: м | H28: 1500 | J28: =I28*H28 -> 0
B29: Труба тип 1 | D29: 32 ПП | E29: м | H29: 400
B30: Труба тип 2 | D30: 50 ПП * | E30: м | H30: 40 | J30: =I30*H30 -> 0
B31: Труба тип 3 | D31: 40 (1m) ПЭ-100 SDR 13,6 | E31: м | H31: 900 | J31: =I31*H31 -> 0
B32: Труба тип 4 | D32: 32 (1m) ПЭ-100 SDR 13,6 | E32: м | H32: 2700 | J32: =I32*H32 -> 0
B33: Труба тип 5 | D33: 25 (1m) ПЭ-100 SDR 13,6 | E33: м | H33: 3200 | J33: =I33*H33 -> 0
A34: 12.07.02 | B34: Установка оборудования
A35: 12.07.02.00 | B35: Установка оборудования | J35: =J36+J38 -> 0
B36: Работа: | J36: =SUM(J37:J37) -> 0
B37: Установка оборудования | E37: Комплекс | J37: =I37*H37 -> 0
B38: Материалы: | J38: =SUM(J39:J82) -> 0
B39: Пусковой комплект микроорошения | D39: XCZ-100-PRF, 1" | E39: шт. | H39: 16 | J39: =H39*I39 -> 0
B40: Капельный шланг тип 1 | D40: без капельниц 16 мм, бухта 100 м, коричневый | E40: шт. | H40: 5 | J40: =H40*I40 -> 0
B41: Капельный шланг тип 2 | D41: компенсированный 16 мм, шаг капельниц 33 см, расход 2,2 л/ч (бухта 100 м) коричневый | E41: шт. | H41: 84 | J41: =H41*I41 -> 0
B42: Стойка держатель для шланга | D42: 12-16 мм | E42: шт. | H42: 7800 | J42: =H42*I42 -> 0
B43: Сверхгибкая ПЭ труба для отводов (30 м) | E43: шт. | H43: 7 | J43: =H43*I43 -> 0
B44: Дождеватель | D44: 1804 | E44: шт. | H44: 270 | J44: =H44*I44 -> 0
B45: Клапан электромагнитный | D45: 100-HVF 1" ВР с регуляцией потока | E45: шт. | H45: 14 | J45: =H45*I45 -> 0
B46: Тройник для э/м клапанов | D46: MTT-100 (1"HP/1"HP/1"BP) | E46: шт. | H46: 18 | J46: =H46*I46 -> 0
B47: Коннектор | D47: SCOTCHLOK 314 | E47: шт. | H47: 85 | J47: =H47*I47 -> 0
B48: Короб со встроенным метал. краном с наружной резьбой 3/4" | E48: шт. | H48: 32 | J48: =H48*I48 -> 0
B49: Короб LARGE JUNIOR Юниор | E49: шт. | H49: 1 | J49: =H49*I49 -> 0
B50: Короб STANDART Стандарт | E50: шт. | H50: 14 | J50: =H50*I50 -> 0
B51: Контроллер | D51: ESP-TM2 внутренний монтаж (12 станций) | E51: шт. | H51: 1 | J51: =H51*I51 -> 0
B52: Контроллер | D52: ESP4ME3EUR наружный монтаж, от 4 до 22 станций | E52: шт. | H52: 1 | J52: =H52*I52 -> 0
B53: Доп. модуль для контроллера | D53: серии ESP-4ME (3 станции) | E53: шт. | H53: 1 | J53: =H53*I53 -> 0
B54: Доп. модуль для контроллера | D54: серии ESP-4ME (6 станций) | E54: шт. | H54: 2 | J54: =H54*I54 -> 0
B55: Датчик дождя | D55: RSD-Bex | E55: шт. | H55: 2 | J55: =H55*I55 -> 0
B56: Тройник тип 1 | D56: 90° ВР 25X1/2" | E56: шт. | H56: 120 | J56: =H56*I56 -> 0
B57: Тройник тип 2 | D57: 90° ВР 32X1-1/4 | E57: шт. | H57: 13 | J57: =H57*I57 -> 0
B58: Тройник тип 3 | D58: 90° ВР 25X1" | E58: шт. | H58: 15 | J58: =H58*I58 -> 0
B59: Тройник тип 4 | D59: 90° ВР 32X1/2" | E59: шт. | H59: 94 | J59: =H59*I59 -> 0
B60: Тройник тип 5 | D60: 90° ВР 32X1-1/4 | E60: шт. | H60: 13 | J60: =H60*I60 -> 0
B61: Тройник тип 6 | D61: 90° ВР 32X1" | E61: шт. | H61: 14 | J61: =H61*I61 -> 0
B62: Тройник тип 7 | D62: 90° редукц. 32X25X32 | E62: шт. | H62: 63 | J62: =H62*I62 -> 0
... B81: Отвод тип 10 | D81: 90° с НР 40X1 1/4" | E81: шт. | H81: 13 | J81: =H81*I81 -> 0
B82: Фасонные материалы (воздушный/вакуумный клапан, муфта, штуцера, переходник, тройник, монтажный инструмент для штуцеров, концевая заглушка, самопробивной эмиттер, форсунки, муфты) | E82: % | J82: =J36*H82% -> 0
A83: 12.07.03 | B83: Оборудование водоподготовки
A84: 12.07.03.00 | B84: Оборудование водоподготовки | J84: =J85+J87 -> 0
B85: Работа: | J85: =SUM(J86:J86) -> 0
B86: Врезка в магистральный трубопровод | E86: комплекс | H86: 2 | J86: =I86*H86 -> 0
B87: Материалы: | J87: =SUM(J95:J96) -> 0
B88: Кран шаровый | D88: со сгоном 1 1/4" | E88: шт. | H88: 8 | J88: =H88*I88 -> 0
B89: Регулятор давления | D89: 1 1/4" с манометром | E89: шт. | H89: 2 | J89: =H89*I89 -> 0
B90: Продувочный узел | E90: шт. | H90: 2 | J90: =H90*I90 -> 0
B91: Обратный клапан | D91: 1 1/4" | E91: шт. | H91: 2 | J91: =H91*I91 -> 0
B92: Фильтр сетчатый | D92: 1 1/4" | E92: шт. | H92: 2 | J92: =H92*I92 -> 0
B93: Счетчик воды | D93: универсальный многоструйный "Пульсар" Ду-32 | E93: шт. | H93: 2 | J93: =H93*I93 -> 0
B94: Радиомодем | D94: импульсный ВТ-100 | E94: шт. | H94: 2 | J94: =H94*I94 -> 0
B95: Установочный присоединительный комплект | E95: шт. | H95: 2 | J95: =H95*I95 -> 0
B96: Труба тип 1 | D96: ПНД 110 (закладная) | E96: м. | H96: 330 | J96: =H96*I96 -> 0
B97: Труба тип 2 | D97: ПНД 63 (закладная) | E97: м. | H97: 300 | J97: =H97*I97 -> 0
B98: Трубная изоляция | D98: Энергофлекс 54*13 мм | E98: м. | H98: 40 | J98: =H98*I98 -> 0
B99: Трубная изоляция | D99: Энергофлекс 35*13 мм | E99: м. | H99: 80 | J99: =H99*I99 -> 0
B100: Прочие материалы (муфта, тройник, угол, футорка, ниппель, хомут) | E100: % | J100: =H100*I100 -> 0
A101: 12.07.04 | B101: ПНР
A102: 12.07.04.00 | B102: ПНР | J102: =J103+J105 -> 0
B103: Работа: | J103: =SUM(J104:J104) -> 0
B104: Пусконаладочные работы | E104: комплекс | J104: =I104*H104 -> 0
B105: Материалы: | J105: =SUM(J115:J116) -> 0
B106: - | J106: =H106*I106 -> 0
I107: ИТОГО по ЛСР, в тч НДС: | J107: =J84+J35+J16+J102 -> 0 | M107: Либо указать: Без НДС
I108: в тч стоимость работ: | J108: =J85+J36+J17+J103 -> 0
I109: в тч стоимость материалов: | J109: =J87+J38+J26+J105 -> 0
I110: в тч НДС: | J110: =J107*20/120 -> 0 | M110: Либо указать: нет
A111: ПРИМЕЧАНИЕ:
A112: 1. В стоимость строительно-монтажных работ входит стоимость по получению акта на проверку пожарного водопровода на водоотдачу
A113: *Стоимость строительно-монтажных работ (СМР) учитывает прямые затраты, накладные расходы, сметную прибыль,затраты на все второстепенные, сопутсвующие (расходные) материалы и работы необходимые для осуществления полного комплекса работ, включая затраты: на мобилизацию, аренду и эксплуатацию всех необходимых механизмов, оборудования и инструментов, бытовых помещений и биотуалетов; выполнение сопутствующих работ; вывоз мусора; налоги и иные издержки Подрядчика.
A114: **Стоимость материалов учитывает стоимость доставки до объекта строительства
A116: Подрядчик производит устройство системы автополива согласно схемам устройства, с которыми Подрядчик ознакомлен на момент подписания настоящего Сметного расчета: - Проект системы автоматического полива ГП-55. 24011-55,56-ГП (ГП-55 Общий план полива. Лист №1); - План укладки кабеля ГП-55. (Проект системы автоматического полива. 24011-55,56-ГП. Лист №3); - План трубопровода ГП-55. (24011-55,56-ГП. Лист №2); - Проект системы автоматического полива. ГП-56. 24011-55, 56-ГП (ГП-56 Общий план полива. Лист №1) - План укладки кабеля. ГП-56. (Проект системы автоматического полива. 24011-55,56-ГП. Лист №3); - План трубопровода ГП-56 (24011-55,56-ГП. Лист №2);

Sheet ЛСР 12.07
K1: Приложение №
K2: к Договору подряда №
B4: СОГЛАСОВАНО: | D4: УТВЕРЖДЕНО: | H4: СОГЛАСОВАНО:
B7: ______________/ | D7: _________________/ | H7: _________________/
A10: Локальный сметный расчет №1 Монтаж автоматического полива ГП-7, ГП-8
A12: № | B12: Наименование | C12: Марка/ Завод изготовитель | D12: Характеристика | E12: Ед. изм. | F12: Толщина слоя, м/ Площадь, м2 | G12: Норма расхода | H12: Кол. | I12: Цена за ед. | J12: Сумма | K12: Примечание | L12: Форма закупа материала
A13: 12. | B13: Благоустройство
A14: 12.07. | B14: Монтаж автоматического полива
A15: 12.07.01 | B15: Прокладка кабеля, трубы
A16: 12.07.01.00 | B16: Прокладка кабеля, трубы | J16: =J17+J26 -> 0
B17: Работа: | J17: =SUM(J18:J25) -> 0
B18: Прокладка кабеля тип 1 | E18: м | H18: =H27 -> 300 | I18: =VLOOKUP(B18,Работы!$B$8:$J$20,8,0) -> 0 | J18: =I18*H18 -> 0
B19: Прокладка кабеля тип 2 | E19: м | H19: =H28 -> 1500 | I19: =VLOOKUP(B19,Работы!$B$8:$J$20,8,0) -> 0 | J19: =I19*H19 -> 0
B20: Прокладка трубы тип 1 | E20: м | H20: =H29 -> 400 | I20: =VLOOKUP(B20,Работы!$B$8:$J$20,8,0) -> 0 | J20: =I20*H20 -> 0
B21: Прокладка трубы тип 2 | E21: м | H21: =H30 -> 40 | I21: =VLOOKUP(B21,Работы!$B$8:$J$20,8,0) -> 0 | J21: =I21*H21 -> 0
B22: Прокладка трубы тип 3 | E22: м | H22: =H31 -> 900 | I22: =VLOOKUP(B22,Работы!$B$8:$J$20,8,0) -> 0 | J22: =I22*H22 -> 0
B23: Прокладка трубы тип 4 | E23: м | H23: =H32 -> 2700 | I23: =VLOOKUP(B23,Работы!$B$8:$J$20,8,0) -> 0 | J23: =I23*H23 -> 0
B24: Прокладка трубы тип 5 | E24: м | H24: =H33 -> 3200 | I24: =VLOOKUP(B24,Работы!$B$8:$J$20,8,0) -> 0 | J24: =I24*H24 -> 0
B25: Алмазное бурение | D25: отверстий диам. до 110 мм | E25: шт | H25: 8 | I25: =VLOOKUP(B25,Работы!$B$8:$J$20,8,0) -> 0 | J25: =I25*H25 -> 0
B26: Материалы: | J26: =SUM(J27:J33) -> 0
B27: Электрокабель тип 1 | D27: Кабель ВВГ/ПВС 2х1 (1m) ГОСТ | E27: м | H27: 300 | I27: =VLOOKUP(D27,Материалы!$D$6:$J$92,6,0) -> 0 | J27: =I27*H27 -> 0
B28: Электрокабель тип 2 | D28: Кабель ВВГ/ПВС 5х1 (1m) ГОСТ | E28: м | H28: 1500 | I28: =VLOOKUP(D28,Материалы!$D$6:$J$92,6,0) -> 0 | J28: =I28*H28 -> 0
B29: Труба тип 1 | D29: Труба 32 ПП | E29: м | H29: 400 | I29: =VLOOKUP(D29,Материалы!$D$6:$J$92,6,0) -> 0 | J29: =I29*H29 -> 0
B30: Труба тип 2 | D30: Труба 50 ПП * | E30: м | H30: 40 | I30: =VLOOKUP(D30,Материалы!$D$6:$J$92,6,0) -> 0 | J30: =I30*H30 -> 0
B31: Труба тип 3 | D31: Труба 40 (1m) ПЭ-100 SDR 13,6 | E31: м | H31: 900 | I31: =VLOOKUP(D31,Материалы!$D$6:$J$92,6,0) -> 0 | J31: =I31*H31 -> 0
B32: Труба тип 4 | D32: Труба 32 (1m) ПЭ-100 SDR 13,6 | E32: м | H32: 2700 | I32: =VLOOKUP(D32,Материалы!$D$6:$J$92,6,0) -> 0 | J32: =I32*H32 -> 0
B33: Труба тип 5 | D33: Труба 25 (1m) ПЭ-100 SDR 13,6 | E33: м | H33: 3200 | I33: =VLOOKUP(D33,Материалы!$D$6:$J$92,6,0) -> 0 | J33: =I33*H33 -> 0
A34: 12.07.02 | B34: Установка оборудования
A35: 12.07.02.00 | B35: Установка оборудования | J35: =J36+J38 -> 0
B36: Работа: | J36: =SUM(J37:J37) -> 0
B37: Установка оборудования | E37: Комплекс | H37: 1 | I37: =VLOOKUP(B37,Работы!$B$8:$J$20,8,0) -> 0 | J37: =I37*H37 -> 0
B38: Материалы: | J38: =SUM(J39:J82) -> 0
B39: Пусковой комплект микроорошения | D39: XCZ-100-PRF, 1" | E39: шт. | H39: 16 | I39: =VLOOKUP(D39,Материалы!$D$6:$J$92,6,0) -> 0 | J39: =H39*I39 -> 0
B40: Капельный шланг тип 1 | D40: Капельный шланг без капельниц 16 мм, бухта 100 м, коричневый | E40: шт. | H40: 5 | I40: =VLOOKUP(D40,Материалы!$D$6:$J$92,6,0) -> 0 | J40: =H40*I40 -> 0
B41: Капельный шланг тип 2 | D41: Капельный шланг компенсированный 16 мм, шаг капельниц 33 см, расход 2,2 л/ч (бухта 100 м) коричневый | E41: шт. | H41: 84 | I41: =VLOOKUP(D41,Материалы!$D$6:$J$92,6,0) -> 0 | J41: =H41*I41 -> 0
B42: Стойка держатель для шланга | D42: Стойка держатель для шланга 12-16 мм | E42: шт. | H42: 7800 | I42: =VLOOKUP(D42,Материалы!$D$6:$J$92,6,0) -> 0 | J42: =H42*I42 -> 0
B43: Сверхгибкая ПЭ труба для отводов (30 м) | D43: Сверхгибкая ПЭ труба для отводов (30 м) | E43: шт. | H43: 7 | I43: =VLOOKUP(D43,Материалы!$D$6:$J$92,6,0) -> 0 | J43: =H43*I43 -> 0
B44: Дождеватель | D44: Дождеватель 1804 | E44: шт. | H44: 270 | I44: =VLOOKUP(D44,Материалы!$D$6:$J$92,6,0) -> 0 | J44: =H44*I44 -> 0
B45: Клапан электромагнитный | D45: Клапан электромагнитный 100-HVF 1" ВР с регуляцией потока | E45: шт. | H45: 14 | I45: =VLOOKUP(D45,Материалы!$D$6:$J$92,6,0) -> 0 | J45: =H45*I45 -> 0
B46: Тройник для э/м клапанов | D46: Тройник для э/м клапанов MTT-100 (1"HP/1"HP/1"BP) | E46: шт. | H46: 18 | I46: =VLOOKUP(D46,Материалы!$D$6:$J$92,6,0) -> 0 | J46: =H46*I46 -> 0
B47: Коннектор | D47: Коннектор SCOTCHLOK 314 | E47: шт. | H47: 85 | I47: =VLOOKUP(D47,Материалы!$D$6:$J$92,6,0) -> 0 | J47: =H47*I47 -> 0
B48: Короб со встроенным метал. краном с наружной резьбой 3/4" | D48: Короб со встроенным метал. краном с наружной резьбой 3/4" | E48: шт. | H48: 32 | I48: =VLOOKUP(D48,Материалы!$D$6:$J$92,6,0) -> 0 | J48: =H48*I48 -> 0
B49: Короб LARGE JUNIOR Юниор | D49: Короб LARGE JUNIOR Юниор | E49: шт. | H49: 1 | I49: =VLOOKUP(D49,Материалы!$D$6:$J$92,6,0) -> 0 | J49: =H49*I49 -> 0
B50: Короб STANDART Стандарт | D50: Короб STANDART Стандарт | E50: шт. | H50: 14 | I50: =VLOOKUP(D50,Материалы!$D$6:$J$92,6,0) -> 0 | J50: =H50*I50 -> 0
... B81: Отвод тип 10 | D81: Отвод 90° с НР 40X1 1/4" | E81: шт. | H81: 13 | I81: =VLOOKUP(D81,Материалы!$D$6:$J$92,6,0) -> 0 | J81: =H81*I81 -> 0
B82: Фасонные материалы (штуцера, переходники, заглушки, форсунки, тройники, муфты, фумлента) | E82: % | J82: =SUM(J83:J103) -> 0
B83: Штуцер XFF соединительный 17 мм-17мм | D83: Штуцер XFF соединительный 17 мм-17мм | E83: шт. | H83: 250 | I83: =VLOOKUP(D83,Материалы!$D$6:$J$92,6,0) -> 0 | J83: =H83*I83 -> 0
B84: Штуцер XFF угловой 17 мм- 17 мм | D84: Штуцер XFF угловой 17 мм- 17 мм | E84: шт. | H84: 150 | I84: =VLOOKUP(D84,Материалы!$D$6:$J$92,6,0) -> 0 | J84: =H84*I84 -> 0
B85: Штуцер XFF тройник 17 мм- 17 мм- 17 мм | D85: Штуцер XFF тройник 17 мм- 17 мм- 17 мм | E85: шт. | H85: 750 | I85: =VLOOKUP(D85,Материалы!$D$6:$J$92,6,0) -> 0 | J85: =H85*I85 -> 0
B86: Переходник XFF прямой 1/2" НР - 17 мм | D86: Переходник XFF прямой 1/2" НР - 17 мм | E86: шт. | H86: 50 | I86: =VLOOKUP(D86,Материалы!$D$6:$J$92,6,0) -> 0 | J86: =H86*I86 -> 0
B87: Концевая заглушка 700-CF-22 | D87: Концевая заглушка 700-CF-22 | E87: шт. | H87: 55 | I87: =VLOOKUP(D87,Материалы!$D$6:$J$92,6,0) -> 0 | J87: =H87*I87 -> 0
B88: Форсунка 15LCS (Левый угол) (1.2мx4.6 м) | D88: Форсунка 15LCS (Левый угол) (1.2мx4.6 м) | E88: шт. | H88: 1 | I88: =VLOOKUP(D88,Материалы!$D$6:$J$92,6,0) -> 0 | J88: =H88*I88 -> 0
B89: Форсунка 15RCS (Правый угол) (1.2мx4.6 м) | D89: Форсунка 15RCS (Правый угол) (1.2мx4.6 м) | E89: шт. | H89: 1 | I89: =VLOOKUP(D89,Материалы!$D$6:$J$92,6,0) -> 0 | J89: =H89*I89 -> 0
B90: Форсунка 18 VAN (радиус от 4.3 до 5.5м) (бежевая) | D90: Форсунка 18 VAN (радиус от 4.3 до 5.5м) (бежевая) | E90: шт. | H90: 17 | I90: =VLOOKUP(D90,Материалы!$D$6:$J$92,6,0) -> 0 | J90: =H90*I90 -> 0
B91: Форсунка HE-VAN 8 (радиус от 1.8 до 2.4м) (зеленая) | D91: Форсунка HE-VAN 8 (радиус от 1.8 до 2.4м) (зеленая) | E91: шт. | H91: 65 | I91: =VLOOKUP(D91,Материалы!$D$6:$J$92,6,0) -> 0 | J91: =H91*I91 -> 0
B92: Форсунка HE-VAN 10 (радиус от 2.1 до 3.1м) (синяя) | D92: Форсунка HE-VAN 10 (радиус от 2.1 до 3.1м) (синяя) | E92: шт. | H92: 56 | I92: =VLOOKUP(D92,Материалы!$D$6:$J$92,6,0) -> 0 | J92: =H92*I92 -> 0
B93: Форсунка HE-VAN 12 (радиус от 2,7 до 3,7м) (коричневая) | D93: Форсунка HE-VAN 12 (радиус от 2,7 до 3,7м) (коричневая) | E93: шт. | H93: 93 | I93: =VLOOKUP(D93,Материалы!$D$6:$J$92,6,0) -> 0 | J93: =H93*I93 -> 0
B94: Форсунка HE-VAN 15 (радиус от 3,4 до 4,6м) (черная) | D94: Форсунка HE-VAN 15 (радиус от 3,4 до 4,6м) (черная) | E94: шт. | H94: 37 | I94: =VLOOKUP(D94,Материалы!$D$6:$J$92,6,0) -> 0 | J94: =H94*I94 -> 0
... B103: ФумЛента | D103: ФумЛента | E103: шт. | H103: 75 | I103: =VLOOKUP(D103,Материалы!$D$6:$J$92,6,0) -> 0 | J103: =H103*I103 -> 0
A104: 12.07.03 | B104: Оборудование водоподготовки
A105: 12.07.03.00 | B105: Оборудование водоподготовки | J105: =J106+J108 -> 0
B106: Работа: | J106: =SUM(J107:J107) -> 0
B107: Врезка в магистральный трубопровод | E107: комплекс | H107: 2 | I107: =VLOOKUP(B107,Работы!$B$8:$J$20,8,0) -> 0 | J107: =I107*H107 -> 0
B108: Материалы: | J108: =SUM(J109:J121) -> 0
B109: Кран шаровый | D109: Кран шаровый со сгоном 1 1/4" | E109: шт. | H109: 8 | I109: =VLOOKUP(D109,Материалы!$D$6:$J$92,6,0) -> 0 | J109: =H109*I109 -> 0
B110: Регулятор давления | D110: Регулятор давления 1 1/4" с манометром | E110: шт. | H110: 2 | I110: =VLOOKUP(D110,Материалы!$D$6:$J$92,6,0) -> 0 | J110: =H110*I110 -> 0
B111: Продувочный узел | D111: Продувочный узел | E111: шт. | H111: 2 | I111: =VLOOKUP(D111,Материалы!$D$6:$J$92,6,0) -> 0 | J111: =H111*I111 -> 0
B112: Обратный клапан | D112: Обратный клапан 1 1/4" | E112: шт. | H112: 2 | I112: =VLOOKUP(D112,Материалы!$D$6:$J$92,6,0) -> 0 | J112: =H112*I112 -> 0
B113: Фильтр сетчатый | D113: Фильтр сетчатый 1 1/4" | E113: шт. | H113: 2 | I113: =VLOOKUP(D113,Материалы!$D$6:$J$92,6,0) -> 0 | J113: =H113*I113 -> 0
B114: Счетчик воды | D114: Счетчик воды универсальный многоструйный "Пульсар" Ду-32 | E114: шт. | H114: 2 | I114: =VLOOKUP(D114,Материалы!$D$6:$J$92,6,0) -> 0 | J114: =H114*I114 -> 0
B115: Радиомодем | D115: Радиомодем импульсный ВТ-100 | E115: шт. | H115: 2 | I115: =VLOOKUP(D115,Материалы!$D$6:$J$92,6,0) -> 0 | J115: =H115*I115 -> 0
B116: Установочный присоединительный комплект | D116: Установочный присоединительный комплект | E116: шт. | H116: 2 | I116: =VLOOKUP(D116,Материалы!$D$6:$J$92,6,0) -> 0 | J116: =H116*I116 -> 0
B117: Труба тип 1 | D117: Труба ПНД 110 (закладная) | E117: м. | H117: 330 | I117: =VLOOKUP(D117,Материалы!$D$6:$J$92,6,0) -> 0 | J117: =H117*I117 -> 0
B118: Труба тип 2 | D118: Труба ПНД 63 (закладная) | E118: м. | H118: 300 | I118: =VLOOKUP(D118,Материалы!$D$6:$J$92,6,0) -> 0 | J118: =H118*I118 -> 0
B119: Трубная изоляция | D119: Трубная изоляция Энергофлекс 54*13 мм | E119: м. | H119: 40 | I119: =VLOOKUP(D119,Материалы!$D$6:$J$92,6,0) -> 0 | J119: =H119*I119 -> 0
B120: Трубная изоляция | D120: Трубная изоляция Энергофлекс 35*13 мм | E120: м. | H120: 80 | I120: =VLOOKUP(D120,Материалы!$D$6:$J$92,6,0) -> 0 | J120: =H120*I120 -> 0
B121: Прочие материалы (муфты, тройники, монтажные аксессуары, хомуты, скотч, фитинги для обвязки в подвале и врезки в магистральный трубопровод) | E121: % | J121: =SUM(J122:J125) -> 0
B122: Муфта ПП 50*1 1/4" ВР с американкой | D122: Муфта ПП 50*1 1/4" ВР с американкой | E122: шт. | H122: 4 | I122: =VLOOKUP(D122,Материалы!$D$6:$J$92,6,0) -> 0 | J122: =H122*I122 -> 0
B123: Хомут трубный 1 1/2" с резинкой, дюбелем | D123: Хомут трубный 1 1/2" с резинкой, дюбелем | E123: шт. | H123: 45 | I123: =VLOOKUP(D123,Материалы!$D$6:$J$92,6,0) -> 0 | J123: =H123*I123 -> 0
B124: Хомут трубный 1" с резинкой, дюбелем | D124: Хомут трубный 1" с резинкой, дюбелем | E124: шт. | H124: 45 | I124: =VLOOKUP(D124,Материалы!$D$6:$J$92,6,0) -> 0 | J124: =H124*I124 -> 0
B125: Скотч армированный | D125: Скотч армированный | E125: шт. | H125: 7 | I125: =VLOOKUP(D125,Материалы!$D$6:$J$92,6,0) -> 0 | J125: =H125*I125 -> 0
A126: 12.07.04 | B126: ПНР
A127: 12.07.04.00 | B127: ПНР | J127: =J128+J130 -> 0
B128: Работа: | J128: =SUM(J129:J129) -> 0
B129: Пусконаладочные работы | E129: комплекс | H129: 1 | I129: =VLOOKUP(B129,Работы!$B$8:$J$20,8,0) -> 0 | J129: =I129*H129 -> 0
B130: Материалы: | J130: =J131 -> 0
B131: - | J131: =H131*I131 -> 0
A132: 12.07.99 | B132: Прочие работы
A133: 12.07.99.00 | B133: Прочие работы | J133: =J134+J137 -> 0
B134: Работа: | J134: =SUM(J135:J136) -> 0
B135: Консервация | E135: комплекс | H135: 1 | I135: =VLOOKUP(B135,Работы!$B$8:$J$20,8,0) -> 0 | J135: =I135*H135 -> 0
B136: Расконсервация | E136: комплекс | H136: 1 | I136: =VLOOKUP(B136,Работы!$B$8:$J$20,8,0) -> 0 | J136: =I136*H136 -> 0
B137: Материалы: | J137: =J138 -> 0
B138: - | J138: =H138*I138 -> 0
I139: ИТОГО по ЛСР, в тч НДС: | J139: =J133+J127+J105+J35+J16 -> 0
I140: в тч стоимость работ: | J140: =J134+J128+J106+J36+J17 -> 0
I141: в тч стоимость материалов: | J141: =J137+J130+J108+J38+J26 -> 0
I142: в тч НДС: | J142: =J139*22/122 -> 0 | K142: указать %
A143: ПРИМЕЧАНИЕ:
A144: 1. В стоимость строительно-монтажных работ входит стоимость по получению акта на проверку пожарного водопровода на водоотдачу
...

Sheet Работы
A2: Работы
A4: № | B4: Наименование | C4: Марка/ Завод изготовитель | D4: Характеристика | E4: Ед. изм. | F4: Толщина слоя, м/ Площадь, м2 | G4: Норма расхода | H4: Кол. | I4: Цена за ед. | J4: Сумма | K4: Примечание | L4: Форма закупа материала
A5: 12. | B5: Благоустройство
A6: 12.07. | B6: Монтаж автоматического полива
B7: Работа:
B8: Прокладка кабеля тип 1 | E8: м | H8: 300 | J8: =I8*H8 -> 0
B9: Прокладка кабеля тип 2 | E9: м | H9: 1500 | J9: =I9*H9 -> 0
B10: Прокладка трубы тип 1 | E10: м | H10: 400 | J10: =I10*H10 -> 0
B11: Прокладка трубы тип 2 | E11: м | H11: 40 | J11: =I11*H11 -> 0
B12: Прокладка трубы тип 3 | E12: м | H12: 900 | J12: =I12*H12 -> 0
B13: Прокладка трубы тип 4 | E13: м | H13: 2700 | J13: =I13*H13 -> 0
B14: Прокладка трубы тип 5 | E14: м | H14: 3200 | J14: =I14*H14 -> 0
B15: Алмазное бурение | D15: отверстий диам. до 110 мм | E15: шт | H15: 8 | J15: =I15*H15 -> 0
B16: Установка оборудования | E16: Комплекс | H16: 1 | J16: =I16*H16 -> 0
B17: Врезка в магистральный трубопровод | E17: комплекс | H17: 2 | J17: =I17*H17 -> 0
B18: Пусконаладочные работы | E18: комплекс | H18: 1 | J18: =I18*H18 -> 0
B19: Консервация | E19: комплекс | H19: 1 | J19: =I19*H19 -> 0
B20: Расконсервация | E20: комплекс | H20: 1 | J20: =I20*H20 -> 0
I21: в тч стоимость работ: | J21: =SUM(J8:J20) -> 0
J23: =J21-'ЛСР 12.07'!J140 -> 0
A27: ПРИМЕЧАНИЕ:
A28: 1. В стоимость строительно-монтажных работ входит стоимость по получению акта на проверку пожарного водопровода на водоотдачу
A29: *Стоимость строительно-монтажных работ (СМР) учитывает прямые затраты, накладные расходы, сметную прибыль,затраты на все второстепенные, сопутсвующие (расходные) материалы и работы необходимые для осуществления полного комплекса работ, включая затраты: на мобилизацию, аренду и эксплуатацию всех необходимых механизмов, оборудования и инструментов, бытовых помещений и биотуалетов; выполнение сопутствующих работ; вывоз мусора; налоги и иные издержки Подрядчика.
A30: **Стоимость материалов учитывает стоимость доставки до объекта строительства
A32: Подрядчик производит устройство системы автополива согласно схемам устройства, с которыми Подрядчик ознакомлен на момент подписания настоящего Сметного расчета: - Проект системы автоматического полива ГП-55. 24011-55,56-ГП (ГП-55 Общий план полива. Лист №1); - План укладки кабеля ГП-55. (Проект системы автоматического полива. 24011-55,56-ГП. Лист №3); - План трубопровода ГП-55. (24011-55,56-ГП. Лист №2); - Проект системы автоматического полива. ГП-56. 24011-55, 56-ГП (ГП-56 Общий план полива. Лист №1) - План укладки кабеля. ГП-56. (Проект системы автоматического полива. 24011-55,56-ГП. Лист №3); - План трубопровода ГП-56 (24011-55,56-ГП. Лист №2);

Sheet Материалы
A1: Материалы
A3: № | B3: Наименование | C3: Марка/ Завод изготовитель | D3: Характеристика | E3: Ед. изм. | F3: Толщина слоя, м/ Площадь, м2 | G3: Норма расхода | H3: Кол. | I3: Цена за ед. | J3: Сумма | K3: Примечание | L3: Форма закупа материала
A4: 12. | B4: Благоустройство
A5: 12.07. | B5: Монтаж автоматического полива
B6: Электрокабель тип 1 | D6: Кабель ВВГ/ПВС 2х1 (1m) ГОСТ | E6: м | H6: 300 | J6: =I6*H6 -> 0
B7: Электрокабель тип 2 | D7: Кабель ВВГ/ПВС 5х1 (1m) ГОСТ | E7: м | H7: 1500 | J7: =I7*H7 -> 0
B8: Труба тип 1 | D8: Труба 32 ПП | E8: м | H8: 400 | J8: =I8*H8 -> 0
B9: Труба тип 2 | D9: Труба 50 ПП * | E9: м | H9: 40 | J9: =I9*H9 -> 0
B10: Труба тип 3 | D10: Труба 40 (1m) ПЭ-100 SDR 13,6 | E10: м | H10: 900 | J10: =I10*H10 -> 0
B11: Труба тип 4 | D11: Труба 32 (1m) ПЭ-100 SDR 13,6 | E11: м | H11: 2700 | J11: =I11*H11 -> 0
B12: Труба тип 5 | D12: Труба 25 (1m) ПЭ-100 SDR 13,6 | E12: м | H12: 3200 | J12: =I12*H12 -> 0
B13: Пусковой комплект микроорошения | D13: XCZ-100-PRF, 1" | E13: шт. | H13: 16 | J13: =H13*I13 -> 0
B14: Капельный шланг тип 1 | D14: Капельный шланг без капельниц 16 мм, бухта 100 м, коричневый | E14: шт. | H14: 5 | J14: =H14*I14 -> 0
B15: Капельный шланг тип 2 | D15: Капельный шланг компенсированный 16 мм, шаг капельниц 33 см, расход 2,2 л/ч (бухта 100 м) коричневый | E15: шт. | H15: 84 | J15: =H15*I15 -> 0
B16: Стойка держатель для шланга | D16: Стойка держатель для шланга 12-16 мм | E16: шт. | H16: 7800 | J16: =H16*I16 -> 0
B17: Сверхгибкая ПЭ труба для отводов (30 м) | D17: Сверхгибкая ПЭ труба для отводов (30 м) | E17: шт. | H17: 7 | J17: =H17*I17 -> 0
B18: Дождеватель | D18: Дождеватель 1804 | E18: шт. | H18: 270 | J18: =H18*I18 -> 0
B19: Клапан электромагнитный | D19: Клапан электромагнитный 100-HVF 1" ВР с регуляцией потока | E19: шт. | H19: 14 | J19: =H19*I19 -> 0
B20: Тройник для э/м клапанов | D20: Тройник для э/м клапанов MTT-100 (1"HP/1"HP/1"BP) | E20: шт. | H20: 18 | J20: =H20*I20 -> 0
B21: Коннектор | D21: Коннектор SCOTCHLOK 314 | E21: шт. | H21: 85 | J21: =H21*I21 -> 0
B22: Короб со встроенным метал. краном с наружной резьбой 3/4" | D22: Короб со встроенным метал. краном с наружной резьбой 3/4" | E22: шт. | H22: 32 | J22: =H22*I22 -> 0
B23: Короб LARGE JUNIOR Юниор | D23: Короб LARGE JUNIOR Юниор | E23: шт. | H23: 1 | J23: =H23*I23 -> 0
B24: Короб STANDART Стандарт | D24: Короб STANDART Стандарт | E24: шт. | H24: 14 | J24: =H24*I24 -> 0
... B92: Скотч армированный | D92: Скотч армированный | E92: шт. | H92: 7 | J92: =H92*I92 -> 0
I93: в тч стоимость материалов: | J93: =SUM(J6:J92) -> 0
J95: =J93-'ЛСР 12.07'!J141 -> 0
A100: ПРИМЕЧАНИЕ:
A101: 1. В стоимость строительно-монтажных работ входит стоимость по получению акта на проверку пожарного водопровода на водоотдачу
A102: *Стоимость строительно-монтажных работ (СМР) учитывает прямые затраты, накладные расходы, сметную прибыль,затраты на все второстепенные, сопутсвующие (расходные) материалы и работы необходимые для осуществления полного комплекса работ, включая затраты: на мобилизацию, аренду и эксплуатацию всех необходимых механизмов, оборудования и инструментов, бытовых помещений и биотуалетов; выполнение сопутствующих работ; вывоз мусора; налоги и иные издержки Подрядчика.
A103: **Стоимость материалов учитывает стоимость доставки до объекта строительства
A105: Подрядчик производит устройство системы автополива согласно схемам устройства, с которыми Подрядчик ознакомлен на момент подписания настоящего Сметного расчета: - Проект системы автоматического полива ГП-55. 24011-55,56-ГП (ГП-55 Общий план полива. Лист №1); - План укладки кабеля ГП-55. (Проект системы автоматического полива. 24011-55,56-ГП. Лист №3); - План трубопровода ГП-55. (24011-55,56-ГП. Лист №2); - Проект системы автоматического полива. ГП-56. 24011-55, 56-ГП (ГП-56 Общий план полива. Лист №1) - План укладки кабеля. ГП-56. (Проект системы автоматического полива. 24011-55,56-ГП. Лист №3); - План трубопровода ГП-56 (24011-55,56-ГП. Лист №2);
